 Dungeon Crawl Stone Soup version 0.29.1-1-gd02db6906a (webtiles) character file.

Game seed: 11574945038344510700

644 MisterFreud the Twirler (level 7, -7/56 HPs)
             Began as a Formicid Gladiator on Oct 22, 2022.
             Was an Initiate of Yredelemnul.
             Mangled by an orc warrior
             ... wielding a +0 halberd
              (11 damage)
             ... on level 6 of the Dungeon.
             The game lasted 00:04:34 (5025 turns).

MisterFreud the Twirler (Formicid Gladiator)        Turns: 5025, Time: 00:04:35

Health: -7/56      AC: 13    Str: 21    XL:     7   Next: 82%
Magic:  7/7        EV:  9    Int:  7    God:    Yredelemnul [......]
Gold:   431        SH:  0    Dex: 15    Spells: 6/6 levels left

rFire   . . .      SeeInvis +   a - +0 quarterstaff
rCold   . . .      Faith    .   (no shield)
rNeg    . . .      Spirit   .   v - +0 chain mail
rPois   .          Reflect  .   (helmet unavailable)
rElec   .          Harm     .   (no cloak)
rCorr   .          Rampage  .   (no gloves)
Will    .....                   (no boots)
Stlth   ..........              q - amulet of regeneration
HPRegen 0.98/turn               o - +4 ring of protection
MPRegen 0.10/turn               (no ring)

@: no status effects
A: permanent stasis, dig shafts and tunnels, antennae 3, four strong arms
a: Dig, Shaft Self, Renounce Religion, Recall Undead Harvest


You were on level 6 of the Dungeon.
You worshipped Yredelemnul.
Yredelemnul was noncommittal.
You visited 2 branches of the dungeon, and saw 7 of its levels.

You collected 431 gold pieces.

Inventory:

Hand Weapons
 a - a +0 quarterstaff (weapon)
Missiles
 c - 3 throwing nets (quivered)
 d - a javelin
 e - 4 boomerangs
 u - 4 poisoned darts
Armour
 b - a +0 leather armour
 v - a +0 chain mail (worn)
Jewellery
 f - an amulet of guardian spirit
 o - a +4 ring of protection (left hand)
 q - an amulet of regeneration (around neck)
 s - an amulet of magic regeneration
Wands
 g - a wand of flame (66)
 t - a wand of polymorph (2)
Scrolls
 m - a scroll of fear
Potions
 h - 6 potions of curing
 i - 2 potions of brilliance
 j - a potion of mutation
 k - a potion of heal wounds {unknown}
 l - a potion of cancellation
 n - a potion of attraction {unknown}
 p - 3 potions of flight {unknown}
 r - a potion of resistance {unknown}


   Skills:
 - Level 5.0 Fighting
 - Level 6.0 Staves
 - Level 2.0 Throwing
 + Level 4.5 Armour
 - Level 2.6 Dodging


You had 6 spell levels left.
You didn't know any spells.
Your spell library was empty.

Dungeon Overview and Level Annotations

Branches:
Dungeon (6/15)             Temple (1/1) D:4

Altars:
Ashenzari
Cheibriados
Elyvilon
Fedhas
Gozag
Hepliaklqana
Makhleb
Okawaru
Qazlal
Ru
Sif Muna
Uskayaw
Wu Jian
Xom
Yredelemnul
The Shining One

Shops:
D:4 =


Innate Abilities, Weirdness & Mutations

You cannot be hasted, slowed, berserked, paralysed or teleported.
You can dig through walls and to a lower floor.
You have a pair of large antennae on your head. (SInv)
Your four strong arms can wield two-handed weapons with a shield.


Message History

The orc attacks as you move away! The orc hits you but does no damage.
You closely miss the orc. The orc closely misses you.
You closely miss the orc. The orc barely misses you.
You sock the orc!
You kill the orc!
The dead are walking!
The orc priest calls down the wrath of Beogh upon you.
Beogh smites you!
The orc warrior hits you with a +0 halberd.
You see here a +0 flail.
You hit the orc warrior.
The orc warrior is lightly wounded.
The orc warrior barely misses you.
You sock the orc warrior!
The orc warrior is heavily wounded.
The orc warrior hits you but does no damage.
You hit the orc warrior but do no damage.
The orc warrior is heavily wounded.
The orc warrior hits you with a +0 halberd.
You hit the orc warrior.
The orc warrior is heavily wounded.
The orc warrior hits you with a +0 halberd!
You hit the orc warrior.
The orc warrior is severely wounded.
The orc warrior closely misses you.
You are too injured to fight recklessly!
You hit the orc warrior but do no damage.
The orc warrior is severely wounded.
The orc warrior hits you with a +0 halberd!
* * * LOW HITPOINT WARNING * * *
You hear a shout!
Okay, then.
Unknown command.
Are you sure you want to shaft yourself?
The orc warrior hits you with a +0 halberd!
* * * LOW HITPOINT WARNING * * *
You begin to dig a shaft.
You continue digging a shaft.
The orc warrior hits you with a +0 halberd!
You die...
Your body rises from the dead as a mindless zombie.

############
#######..........#
........########.#
.# #######># #.#
.### #######.# #.#
.... ....)...# #.#
##.># ....<...#
#.##....#
.######## #Z#....
{{ #@#<.#
######o#..#.###
#./...oo......# {
#.#######{#.#.# .#
# ##


You could see an orc warrior (ally target), an orc priest, an orc and a friendly
orc zombie.

Vanquished Creatures
  Sigmund (D:3)
  A scorpion (D:5)
  A hound (D:3)
  6 iguanas
  Ijyb (D:4)
  2 orc wizards
  3 gnolls (D:4)
  3 adders
  2 shadow imps
  An ufetubus (D:4)
  A worm (D:3)
  A dart slug (D:2)
  10 orcs
  4 bats
  11 endoplasms
  3 giant cockroaches
  4 goblins
  3 hobgoblins
  4 jackals (D:3)
  2 quokkas
  7 ball pythons
  2 frilled lizards
  2 kobolds
  3 rats
78 creatures vanquished.

Vanquished Creatures (collateral kills)
  3 orcs (D:5)
  A quokka (D:5)
4 creatures vanquished.

Grand Total: 82 creatures vanquished

Notes
Turn   | Place    | Note
-------+----------+-------------------------------------------
     0 | D:1      | MisterFreud the Formicid Gladiator began the quest for the
                  | Orb.
     0 | D:1      | Reached XP level 1. HP: 16/16 MP: 1/1
   483 | D:1      | Found a faded altar of an unknown god.
   834 | D:2      | Reached XP level 2. HP: 20/22 MP: 2/2
  1062 | D:2      | Reached skill level 4 in Staves
  1062 | D:2      | Reached XP level 3. HP: 23/27 MP: 3/3
  1597 | D:2      | Reached XP level 4. HP: 33/33 MP: 4/4
  2105 | D:3      | Reached skill level 5 in Staves
  2431 | D:3      | Reached XP level 5. HP: 38/38 MP: 3/5
  2604 | D:3      | Noticed Sigmund
  2622 | D:3      | Killed Sigmund
  2623 | D:3      | Reached skill level 6 in Staves
  2623 | D:3      | Reached XP level 6. HP: 24/47 MP: 4/6
  3216 | D:4      | Reached XP level 7. HP: 53/53 MP: 7/7
  3232 | D:4      | Noticed Ijyb
  3254 | D:4      | Killed Ijyb
  3368 | D:4      | Found a glowing golden altar of the Shining One.
  3370 | D:4      | Noticed an angel
  3382 | D:4      | Found a basalt altar of Yredelemnul.
  3384 | D:4      | Noticed a profane servitor
  3515 | D:4      | Found a staircase to the Ecumenical Temple.
  3539 | Temple   | Entered the Ecumenical Temple
  3618 | D:4      | Became a worshipper of Yredelemnul the Dark
  3656 | D:4      | Found Leisch's Jewellery Shoppe.
  4015 | D:5      | Entered Level 5 of the Dungeon
  4249 | D:5      | Reached * piety under Yredelemnul
  4971 | D:5      | Reached skill level 5 in Fighting
  5025 | D:6      | Mangled by an orc warrior

Illustrated notes

Levels and vault maps discovered:
D:1:      denvon_arrival_planthouse, layout_rooms,
          dreamdust_ecumenical_altar_angels_and_demons,
          minmay_misc_feat_more_columns
D:2:      cheibrodos_old_hovel, layout_basic, serial_curves, eino_curves_04,
          eino_curves_04
D:3:      layout_loops_ring, kennysheep_generic_room_11, uniq_sigmund
D:4:      nicolae_cairo_tiling, layout_rooms, grunt_temple_overflow_holy_war,
          nicolae_inconvenience_store, hex_medium, uniq_ijyb
D:5:      layout_loops_corners
D:6:      layout_loops_ring, lemuel_mausoleum_altar_kikubaaqudgha,
          gup_sewer_entry_pipe, uniq_edmund
Temple:   nicolae_temple_ecumenical_triangle

Skill      XL: |  1  2  3  4  5  6  7 |
---------------+----------------------+-----
Staves         | 4 5 6 |  6.0
Fighting       | 3 5 |  5.0
Armour         | 2 4 |  4.5
Throwing       | |  2.0
Dodging        | |  2.6

Action                   |  1- 3 |  4- 6 |  7- 9 || total
-------------------------+-------+-------+-------++-------
Melee: Quarterstaff      |    69 |   123 |   104 ||   296
       Punch             |     1 |       |     1 ||     2
Throw: Boomerang         |       |     1 |       ||     1
 Abil: Shaft Self        |       |       |     1 ||     1
  Use: Scroll            |     3 |     8 |     2 ||    13
 Stab: Sleeping          |       |     1 |     1 ||     2
Armor: Leather armour    |    18 |    25 |    10 ||    53
       Chain mail        |       |       |    15 ||    15
Dodge: Dodged            |    50 |    74 |    55 ||   179
